 Dungeon Crawl Stone Soup version 0.30-a0-368-g86fb4627a9 (webtiles) character file.

Game seed: 1445129439905954460

893 oldriver the Magician (level 7, 0/55 HPs)
             Began as a Mummy Necromancer on Nov 19, 2022.
             Slain by a phantom (6 damage)
             ... on level 5 of the Dungeon.
             The game lasted 00:07:26 (4444 turns).

oldriver the Magician (Mummy Necromancer)           Turns: 4444, Time: 00:07:27

Health: 0/55       AC:  6    Str: 11    XL:     7   Next: 78%
Magic:  7/16       EV: 12    Int: 17    God:
Gold:   246        SH:  4    Dex: 12    Spells: 5/18 levels left

rFire   . . .      SeeInvis .    i - +4 short sword (vamp)
rCold   + + .      Faith    +    g - +0 buckler
rNeg    + + +      Spirit   .    n - +2 robe {rC+ rF+}
rPois   ∞          Reflect  .    m - +0 helmet
rElec   .          Harm     .    (no cloak)
rCorr   .          Rampage  .    k - +0 pair of gloves
Will    .....                    (no boots)
Stlth   ++........               (no amulet)
HPRegen 0.29/turn                (no ring)
MPRegen 0.15/turn                (no ring)

@: about to teleport
A: cold resistance 1, negative energy resistance 3, torment resistance 2, heat
vulnerability 1, in touch with death 1, no potions, faith
a: no special abilities


You were on level 5 of the Dungeon.
You visited 1 branch of the dungeon, and saw 5 of its levels.

You collected 302 gold pieces.
You spent 56 gold pieces at shops.

Inventory:

Hand Weapons
 i - a +4 vampiric short sword (weapon)
Armour
 g - a +0 buckler (worn)
 k - a +0 pair of gloves (worn)
 m - a +0 helmet (worn)
 n - a +2 robe of resistance (worn)
Jewellery
 a - the ring of Mocevij {rF+ rCorr Stlth+}
   (You found it on level 4 of the Dungeon)

   [ring of protection from fire]

   rF:        It protects you from fire.
   rCorr:     It protects you from acid and corrosion.
   Stlth:     It makes you more stealthy.
Wands
 j - a wand of light (12)
Scrolls
 b - a scroll of enchant weapon
 c - a scroll of silence
 d - a scroll of poison
 e - a scroll of vulnerability
 f - a scroll of teleportation
 h - 2 scrolls of identify
 l - a scroll of summoning


   Skills:
 + Level 4.3 Fighting
 + Level 1.3 Armour
 + Level 2.3 Dodging
 + Level 2.4 Stealth
 + Level 1.5 Shields
 + Level 6.1 Spellcasting
 + Level 4.9 Necromancy
 + Level 2.0 Earth Magic


You had 5 spell levels left.
You knew the following spells:

 Your Spells              Type           Power      Damage    Failure   Level
a - Necrotise             Necr           100%       1d9       2%          1
b - Vampiric Draining     Necr           32%        2d8       7%          3
c - Animate Dead          Necr           32%        N/A       22%         4
d - Lee's Rapid Deconstr  Erth           6%         3d6*      89%         5

Your spell library contained the following spells:

 Spells                   Type           Power      Damage    Failure   Level
 Blink                    Tloc           10%        N/A       26%         2
 Momentum Strike          Conj/Tloc      10%        3d8       26%         2
 Ignite Poison            Fire/Tmut/Pois 5%         N/A       45%         3
 Kindle Blastsparks       Fire/Tloc/Air  10%        2d10      45%         3
 Lesser Beckoning         Tloc           10%        N/A       45%         3
 Vhi's Electric Charge    Tloc/Air       10%        N/A       45%         3
 Agony                    Necr           32%        N/A       52%         5
 Fulminant Prism          Conj/Hex       2%         3d5       86%         4
 Iskenderun's Mystic Bla  Conj/Tloc      5%         2d3       86%         4
 Arcjolt                  Conj/Air       2%         1d12      99%         5
 Freezing Cloud           Conj/Ice/Air   2%         6-21      99%         5
 Maxwell's Capacitive Co  Air            2%         ∞         100%        8


Dungeon Overview and Level Annotations

Branches:
Dungeon (5/15)
 Temple: D:4-7

Altars:

Shops:
D:4 *


Innate Abilities, Weirdness & Mutations

You are immune to poison.
Your flesh is cold resistant. (rC+)
You are immune to negative energy. (rN+++)
You are immune to unholy pain and torment.
You are vulnerable to heat. (rF-)
You are in touch with the powers of death.
You do not drink.
You have a special connection with the divine. (Faith)


Message History

Aim: a centaur, wielding a +0 shortbow You feel a surge of power!
You draw life force from the centaur!
You feel life coursing into your body.
The centaur unwields a +0 shortbow.
The centaur hits you.
The centaur kicks you but does no damage.
The phantom hits you.
The phantom blinks!
You blink.
Casting: Vampiric Draining (dangerous; 7% risk of failure)
Confirm with . or Enter, or press ? or * to list all spells.
You don't have enough magic to cast this spell.
Okay, then.
The phantom attacks as you move away! The phantom barely misses you.
The phantom attacks as you move away! The phantom hits you.
The phantom attacks as you move away!
The phantom hits you but does no damage.
You see here a black bear skeleton.
The centaur wields a +0 shortbow.
The centaur shoots an arrow.
You block the arrow.
The centaur shoots an arrow.
The arrow hits you!
* * * LOW HITPOINT WARNING * * *
The phantom attacks as you move away!
The phantom hits you but does no damage.
The centaur shoots an arrow.
The arrow hits you.
* * * LOW HITPOINT WARNING * * *
The phantom attacks as you move away!
The phantom hits you but does no damage.
The phantom attacks as you move away! The phantom barely misses you.
The phantom attacks as you move away! The phantom barely misses you.
The phantom attacks as you move away! The phantom closely misses you.
The phantom attacks as you move away! The phantom hits you.
* * * LOW HITPOINT WARNING * * *
The phantom attacks as you move away! The phantom hits you.
* * * LOW HITPOINT WARNING * * *
The phantom attacks as you move away! The phantom hits you.
* * * LOW HITPOINT WARNING * * *
The phantom attacks as you move away! The phantom barely misses you.
There is a stone staircase leading up here.
As you read the scroll of teleportation, it crumbles to dust.
You feel strangely unstable. The phantom completely misses you.
You barely miss the phantom. The phantom hits you.
You die...

#.(.........#.#.#.#.#.#.#.#.#.#
#..........#.#.#.#.#.#.#.#.#.#.
#.....(...........#.#.#.#.#.#.#
#.....?.+#.........#.#.#.#.#.#.
#.......###.......###......).>.
################## #.#######.#
#.......# #.# #.. #.#####.# #.#
### #...#@#.# #.# ###.#W#.# #.#
#.#c#.# #.# #...#.####.#
####.......# #######.# ###


You could see a phantom and a centaur.

Vanquished Creatures
  An ice beast (D:4)
  A black bear (D:5)
  An ogre (D:4)
  A phantom (D:5)
  2 scorpions
  2 howler monkeys
  A jelly (D:4)
  An orc priest (D:4)
  3 hounds (D:4)
  2 iguanas
  An orc wizard (D:4)
  Robin (D:2)
  2 adders
  2 worms
  A dart slug (D:3)
  3 orcs (D:4)
  6 ball pythons
  5 bats
  5 endoplasms
  A giant cockroach (D:2)
  9 hobgoblins
  2 jackals (D:2)
  5 quokkas
  2 frilled lizards
  11 goblins
  9 kobolds
  5 rats
85 creatures vanquished.

Vanquished Creatures (collateral kills)
  An orc priest (D:4)
  A dart slug (D:1)
  An orc (D:4)
  2 rats (D:1)
5 creatures vanquished.

Vanquished Creatures (others)
  4 toadstools (D:1)
4 creatures vanquished.

Grand Total: 94 creatures vanquished

Notes
Turn   | Place    | Note
-------+----------+-------------------------------------------
     0 | D:1      | oldriver the Mummy Necromancer began the quest for the Orb.
     0 | D:1      | Reached XP level 1. HP: 13/13 MP: 4/4
    57 | D:1      | Reached skill level 3 in Spellcasting
    62 | D:1      | Reached skill level 1 in Fighting
   195 | D:1      | Reached XP level 2. HP: 21/21 MP: 4/6
   785 | D:2      | Gained mutation: You are in touch with the powers of death.
                  | [Mummy growth]
   785 | D:2      | Reached XP level 3. HP: 27/27 MP: 4/8
  1259 | D:2      | Reached skill level 4 in Spellcasting
  1301 | D:2      | Learned a level 3 spell: Vampiric Draining
  1561 | D:2      | Noticed Robin
  1599 | D:2      | Killed Robin
  1600 | D:2      | Reached XP level 4. HP: 34/34 MP: 2/10
  2514 | D:4      | Reached skill level 5 in Spellcasting
  2514 | D:4      | Reached XP level 5. HP: 41/41 MP: 4/12
  2521 | D:4      | Learned a level 4 spell: Animate Dead
  2527 | D:4      | Learned a level 5 spell: Lee's Rapid Deconstruction
  2709 | D:4      | Noticed an ice beast
  2722 | D:4      | Killed an ice beast
  2723 | D:4      | Reached skill level 1 in Earth Magic
  2723 | D:4      | Reached XP level 6. HP: 48/48 MP: 7/14
  3545 | D:4      | Identified the ring of Mocevij {rF+ rCorr Stlth+}
  3565 | D:4      | Found Bounwomy's Assorted Antiques.
  3568 | D:4      | Bought a scroll labelled JEEZEC XOYWK for 28 gold pieces
  3568 | D:4      | Bought a scroll labelled JEEZEC XOYWK for 28 gold pieces
  3620 | D:4      | Reached XP level 7. HP: 54/54 MP: 10/15
  3738 | D:4      | Reached skill level 1 in Shields
  4093 | D:5      | Entered Level 5 of the Dungeon
  4143 | D:5      | Reached skill level 1 in Armour
  4168 | D:5      | Reached skill level 6 in Spellcasting
  4444 | D:5      | Slain by a phantom

Illustrated notes

Levels and vault maps discovered:
D:1:      ldierk_walled_garden_2, layout_basic
D:2:      layout_basic, uniq_robin
D:3:      layout_rooms
D:4:      layout_layer_cave, serial_shops, nicolae_shop_hallway_stairs
D:5:      layout_basic, amcnicky_altar_gilded, uniq_grinder

Skill      XL: |  1  2  3  4  5  6  7 |
---------------+----------------------+-----
Spellcasting   | 3 4 5 6 |  6.1
Fighting       | 1 2 3 4 |  4.3
Earth Magic    | 1 2 |  2.0
Dodging        | 2 |  2.3
Stealth        | 2 |  2.4
Shields        | 1 |  1.5
Armour         | 1 |  1.3
Necromancy     | |  4.9

Action                   |  1- 3 |  4- 6 |  7- 9 || total
-------------------------+-------+-------+-------++-------
Melee: Short sword       |     1 |     9 |    32 ||    42
 Cast: Necrotise         |    67 |    91 |    18 ||   176
       Vampiric Draining |       |       |    10 ||    10
  Use: Scroll            |       |    12 |     1 ||    13
Armor: Robe              |     4 |    10 |    18 ||    32
Dodge: Dodged            |    16 |    13 |    24 ||    53
Block: Buckler           |       |       |     8 ||     8

Table legend: (Time is in decaauts)
 A = Elapsed time spent in this place.
 B = Non-inter-level travel time spent in this place.
 C = Inter-level travel time spent in this place.
 D = Time resting spent in this place.
 E = Time spent auto-exploring this place.
 F = Levels seen in this place.
 G = Mean time per level.
                   A        B        C        D        E       F      G
               +--------+--------+--------+--------+--------+-----+--------+
         Total |   4445 |   4313 |    132 |      0 |   3659 |   5 |  889.0 |
       Dungeon |   4445 |   4313 |    132 |      0 |   3659 |   5 |  889.0 |
               +--------+--------+--------+--------+--------+-----+--------+

Top non-repeatable levels by time:
     D:4: 1605 daAuts
     D:2: 1069 daAuts
     D:1: 782 daAuts
     D:3: 635 daAuts
     D:5: 352 daAuts
